Map: Eternal Empire LE

Players

HeroMarine

  • Race: Terran Terran
  • League: Master
  • Spawn Location: 1:00

Reynor - Winner!

  • Race: Zerg Zerg
  • Spawn Location: 7:00

Event: DreamHack SC2 Masters 2020 Summer Europe

VOD

Have the link to the VOD?

Description

Time

  • Played on: July 7, 2020, 1:51 p.m.
  • Length: 11:11

All games in this series

Show
View Real Time Build Order
Export as new Build Order

HeroMarine Terran 

Build Orders: Gas First Reaper Expand 

Get SALT Encoding   

  12  0:00  SCV  
  13  0:12  SCV  
  14  0:17  Supply Depot  
  14  0:24  SCV  
  14  0:28  Refinery  
  15  0:38  SCV  
  16  0:44  Barracks  
  16  0:51  SCV  
  17  1:03  SCV  
  18  1:15  SCV  
  19  1:31  Orbital Command, Reaper  
  20  1:42  Command Center  
  20  1:53  Factory  
  20  1:56  SCV  
  21  2:05  Barracks Reactor  
  21  2:09  SCV  
  21  2:13  Supply Depot  
  21  2:15  Refinery  
  22  2:21  SCV  
  23  2:35  SCV  
  24  2:42  Starport  
  24  2:47  SCV  
  24  2:49  Marine  
  24  2:50  Hellion x2  
  30  2:56  Orbital Command  
  30  2:59  SCV  
  31  3:11  Hellion x2  
  35  3:13  SCV  
  36  3:20  Fusion Core  
  36  3:23  SCV  
  36  3:25  SCV  
  38  3:35  SCV  
  38  3:36  Starport Tech Lab  
  38  3:37  SCV  
  40  3:41  Marine x2  
  40  3:44  Supply Depot  
  40  3:47  SCV  
  43  3:49  SCV  
  44  3:59  Marine, SCV  
  46  4:06  Supply Depot, Marine, SCV  
  48  4:11  SCV  
  43  4:18  SCV  
  43  4:20  Marine, Factory Reactor  
  43  4:21  Battlecruiser  
  43  4:23  Marine, SCV  
  50  4:30  SCV  
  51  4:35  Supply Depot, SCV  
  51  4:38  Marine  
  53  4:41  Marine  
  53  4:42  Armory, SCV  
  55  4:47  SCV  
  56  4:54  SCV  
  56  4:56  Hellion x2  
  56  4:57  Marine  
  56  4:59  Marine  
  64  5:07  Supply Depot, Command Center  
  63  5:15  Supply Depot, Marine  
  63  5:17  Marine, Hellion x2  
  69  5:22  Refinery, SCV  
  69  5:23  Refinery  
  70  5:29  SCV  
  70  5:33  Battlecruiser  
  70  5:34  SCV  
  78  5:36  Marine x2  
  78  5:41  SCV  
  81  5:44  Hellion x2  
  81  5:47  SCV  
  86  5:51  Supply Depot  
  79  5:57  SCV  
  79  5:59  SCV  
  61  6:09  SCV  
  61  6:11  SCV  
  59  6:13  Hellion x2  
  58  6:21  SCV  
  58  6:23  SCV  
  50  6:33  SCV  
  50  6:35  SCV  
  52  6:46  SCV  
  53  6:47  SCV  
  59  7:01  Battlecruiser  
  59  7:04  Orbital Command  
  59  7:11  SCV x2  
  61  7:21  Hellion x2  
  65  7:23  SCV x2  
  67  7:31  SCV  
  67  7:35  SCV  
  69  7:45  SCV x2  
  69  7:47  SCV  
  69  7:48  Supply Depot  
  72  7:51  Factory  
  72  7:53  Factory  
  72  7:57  SCV x2  
  74  7:59  SCV  
  74  8:00  Terran Vehicle And Ship Armor Level 1  
  75  8:09  SCV x2  
  77  8:16  Weapon Refit  
  77  8:17  SCV  
  78  8:21  SCV x2  
  78  8:25  Supply Depot  
  80  8:29  SCV  
  80  8:33  SCV  
  82  8:37  SCV  
  82  8:41  SCV  
  84  8:46  SCV, Factory Tech Lab, Battlecruiser  
  84  8:47  Factory Tech Lab  
  91  8:53  Orbital Command, SCV  
  91  8:54  Supply Depot  
  92  8:57  Engineering Bay  
  92  9:00  Supply Depot  
  93  9:02  SCV  
  93  9:06  Supply Depot  
  93  9:12  Supply Depot  
  93  9:15  SCV  
  93  9:16  Widow Mine x2, SCV  
  99  9:18  Supply Depot  
  99  9:22  Siege Tank x2  
  105  9:26  SCV  
  105  9:27  SCV  
  105  9:28  SCV  
  108  9:38  SCV  
  109  9:39  SCV  
  109  9:40  Refinery x2, SCV  
  109  9:45  Armory  
  111  9:50  SCV, Missile Turret  
  111  9:52  SCV x2, Missile Turret  
  114  9:54  Siege Tank x2  
  114  9:58  Hellion x2  
  124  10:00  Missile Turret  
  124  10:05  SCV x3  
  127  10:10  Missile Turret  
  127  10:13  Factory  
  127  10:15  Factory  
  127  10:20  Supply Depot  
  127  10:23  Supply Depot  
  127  10:26  Siege Tank x2  
  127  10:27  Missile Turret  
  133  10:42  Widow Mine x2  
  137  10:45  Missile Turret  
  137  10:46  Missile Turret  
Show
View Real Time Build Order
Export as new Build Order

Reynor Zerg - Winner!

Build Orders: Hatch First 

Get SALT Encoding   

  12  0:00  Drone  
  13  0:12  Overlord  
  13  0:17  Drone  
  14  0:30  Drone x2  
  16  0:49  Hatchery  
  15  0:51  Drone  
  15  0:55  Drone  
  17  0:58  Drone  
  18  1:08  Extractor  
  17  1:13  Spawning Pool  
  17  1:17  Drone  
  17  1:20  Drone  
  18  1:27  Drone  
  19  1:38  Drone  
  20  1:49  Overlord  
  20  2:00  Queen x2  
  20  2:01  Zergling x4  
  26  2:10  Drone  
  26  2:11  Drone  
  28  2:21  Drone  
  28  2:22  Drone  
  30  2:29  Hatchery  
  29  2:36  Pneumatized Carapace  
  29  2:39  Drone  
  29  2:41  Drone  
  31  2:47  Queen  
  33  2:53  Overlord  
  33  2:55  Drone  
  33  2:58  Drone  
  35  3:00  Drone  
  36  3:08  Metabolic Boost  
  36  3:15  Drone x2  
  36  3:16  Drone x2  
  39  3:20  Queen  
  39  3:22  Drone  
  39  3:24  Drone  
  43  3:27  Overlord  
  43  3:40  Overlord  
  43  3:41  Drone  
  43  3:46  Drone  
  43  3:47  Drone x4  
  49  3:48  Extractor  
  49  3:51  Zergling x2  
  49  3:53  Zergling x2  
  52  3:57  Zergling x6  
  52  3:59  Zergling x2  
  54  4:04  Evolution Chamber, Zergling x2  
  54  4:19  Baneling Nest  
  54  4:22  Drone x2  
  54  4:23  Drone  
  53  4:27  Drone x3  
  53  4:30  Zergling x4  
  58  4:31  Zergling x2  
  58  4:37  Queen  
  61  4:41  Drone  
  61  4:42  Overlord  
  61  4:45  Zergling x4  
  64  4:48  Spore Crawler  
  64  4:49  Zergling x2  
  64  4:51  Zergling x2  
  65  4:53  Zergling x2  
  66  5:00  Zergling x2  
  66  5:01  Zergling x2  
  66  5:02  Queen  
  66  5:04  Zergling x4  
  66  5:05  Zergling x2  
  66  5:06  Zergling x2  
  74  5:13  Overlord  
  74  5:14  Overlord  
  74  5:18  Baneling x9  
  74  5:19  Baneling  
  73  5:34  Zergling x18  
  73  5:35  Zergling x2  
  83  5:43  Queen  
  83  5:45  Zergling x4  
  83  5:47  Baneling  
  86  5:50  Zergling x4  
  86  5:54  Zergling x2  
  84  5:57  Zergling x4  
  84  5:59  Zergling x4  
  84  6:02  Zergling x2  
  87  6:04  Zergling x2  
  87  6:08  Zergling x2  
  87  6:09  Queen  
  87  6:10  Zergling x4  
  88  6:11  Zergling x2  
  88  6:12  Zergling x2  
  88  6:17  Zergling x2  
  82  6:18  Queen  
  82  6:20  Drone  
  82  6:22  Drone  
  80  6:25  Queen  
  80  6:27  Zergling x2  
  80  6:34  Drone x2  
  80  6:37  Drone  
  80  6:43  Drone x2  
  80  6:47  Lair  
  80  6:48  Evolution Chamber, Drone  
  79  6:54  Drone  
  79  6:55  Drone  
  79  6:57  Drone x3  
  79  7:00  Drone  
  85  7:02  Spore Crawler  
  85  7:03  Queen  
  85  7:04  Spore Crawler  
  85  7:05  Extractor  
  85  7:07  Zergling x4  
  86  7:10  Drone  
  83  7:19  Drone x7  
  84  7:24  Zergling x4  
  84  7:26  Spore Crawler  
  84  7:27  Spore Crawler  
  84  7:29  Drone  
  85  7:30  Extractor  
  85  7:31  Drone x2  
  85  7:33  Drone x2  
  85  7:35  Drone  
  88  7:39  Drone  
  88  7:40  Zerg Missile Weapons Level 1  
  88  7:41  Roach Warren  
  86  7:46  Spire  
  86  7:47  Drone x2  
  86  7:49  Drone x2  
  86  7:51  Drone  
  90  7:54  Overlord  
  90  7:56  Extractor x2  
  88  7:59  Overseer  
  88  8:07  Spore Crawler, Overlord  
  88  8:12  Drone  
  88  8:13  Drone x2  
  88  8:15  Overlord, Spore Crawler  
  89  8:20  Spore Crawler  
  89  8:25  Drone x2  
  89  8:26  Drone  
  93  8:27  Glial Reconstitution  
  93  8:28  Drone  
  93  8:29  Overlord  
  92  8:46  Overlord  
  92  8:48  Spore Crawler  
  91  8:57  Corruptor x7  
  91  8:58  Corruptor  
  91  9:00  Baneling x3  
  91  9:02  Overlord  
  107  9:03  Corruptor  
  109  9:10  Corruptor  
  109  9:15  Corruptor  
  113  9:21  Hatchery  
  122  9:24  Roach x5  
  122  9:25  Roach  
  122  9:27  Roach  
  122  9:30  Overlord  
  126  9:32  Overlord  
  126  9:37  Corruptor  
  128  9:39  Corruptor  
  130  9:49  Corruptor  
  130  9:51  Roach x3  
  130  9:52  Roach, Zergling x2  
  141  9:54  Overlord  
  140  10:01  Ravager x2  
  140  10:03  Roach, Zergling x6  
  140  10:05  Overlord  
  140  10:06  Zergling x2  
  146  10:12  Ravager  
  146  10:13  Ravager, Zergling x12  
  154  10:20  Overlord x2  
  154  10:21  Overseer  
  154  10:28  Overlord  
  154  10:31  Ravager x3  
  154  10:32  Roach x2  
  154  10:33  Zergling x4  
  163  10:41  Ravager x2  
  163  10:42  Zergling x12  
  165  10:43  Zergling x2  
  165  10:44  Zergling x2  
  167  10:51  Roach x3  
  167  10:52  Roach  
Tags
 
Add a new tag
Caveats
  • Supply blocks, unpowered buildings, or Contaminate may cause inaccurate times.
  • Supply counts are checked every 10 seconds.